AoeStats
← BeefBro

Nomad

506800908Analyzed
4v4 RM · 19d ago on Sep 15, 2026· 49m 49s· 8 players
Game mode
Random Map
Map size
231×231
Population
200
Speed
Normal
Resources
Standard
Victory
Conquest
Starting age
Dark Age
Ending age
Imperial Age
RankedLock teamsTeams togetherTeam positionsShared explorationLock speedFull tech treeHidden civsTurbo modeCheats
Victory
Defeat
🇦🇺 Persians · Australia
1425
+9
🇺🇸 Lithuanians · United States
1340
+12
🇦🇷 Vietnamese · Argentina
1267
+15
🇨🇦 Portuguese · Canada
1204
+16
🇨🇳 Franks · China
1277
-14
🇨🇳 Vikings · China
1273
-14
🇨🇳 Spanish · China
1214
-12
🇭🇰 Magyars · Hong Kong SAR China
1206
-12
鱼鱼
20:47 Feudal Age
25:49 Castle Age
23:56 Double-Bit Axe
29:24 Bow Saw
44:38 Loom
我很牛逼
4:36 Loom
13:23 Feudal Age
17:53 Castle Age
16:21 Double-Bit Axe
17:45 Horse Collar
20:30 Bow Saw
37:44 Imperial Age
35:55 Pikeman
36:36 Squires
36:21 Arson
37:36 Forging
37:26 Scale Mail Armor
37:36 Forging
37:26 Scale Mail Armor
37:22 Gambesons
39:10 Iron Casting
39:43 Two-Man Saw
38:46 Heavy Plow
39:18 Fletching
39:43 Chain Mail Armor
40:40 Wheelbarrow
39:40 Halberdier
40:43 Halberdier
42:50 Conscription
Trust_Me
11:18 Loom
13:08 Feudal Age
14:42 Loom
17:25 Castle Age
16:29 Fletching
16:33 Double-Bit Axe
18:21 Bodkin Arrow
19:46 Padded Archer Armor
27:07 Fishing Lines
29:16 Ballistics
32:00 Horse Collar
35:12 Imperial Age
33:13 Bow Saw
33:04 Heavy Plow
32:56 Gold Mining
35:18 Gillnets
36:27 Conscription
36:12 Bracer
36:28 Leather Archer Armor
35:53 Crossbowman
36:38 Arbalester
39:15 Chemistry
39:07 Town Watch
42:03 Bogsveigar
44:39 Pikeman
45:20 Scale Mail Armor
45:31 Forging
47:21 Squires
47:57 Iron Casting
47:38 Chain Mail Armor
快乐沙狗
4:44 Loom
14:43 Feudal Age
18:14 Castle Age
16:07 Fishing Lines
17:02 Double-Bit Axe
17:35 Scale Barding Armor
19:34 Bow Saw
19:59 Chain Barding Armor
22:31 Gillnets
25:43 Horse Collar
28:12 Heavy Plow
30:46 Wheelbarrow
34:10 Imperial Age
32:26 Gold Mining
32:27 Stone Mining
33:27 Fletching
34:49 Thumb Ring
35:29 Plate Barding Armor
35:06 Bloodlines
34:57 Husbandry
34:20 Elite Magyar Huszar
35:21 Conscription
34:31 Light Cavalry
35:41 Conscription
36:29 Heavy Cavalry Archer
37:05 Bodkin Arrow
37:11 Padded Archer Armor
38:30 Bracer
39:32 Chemistry
38:53 Ballistics
38:43 Masonry
38:41 Corvinian Army
38:26 Pikeman
39:18 Scale Mail Armor
40:02 Recurve Bow
40:52 Parthian Tactics
42:10 Leather Archer Armor
44:55 Halberdier
dedw1ng
BeefBro
5:16 Loom
5:51 Loom
14:01 Feudal Age
14:43 Double-Bit Axe
14:39 Fishing Lines
14:57 Town Watch
17:39 Castle Age
18:30 Medium Warships
18:31 Bow Saw
19:37 Wheelbarrow
22:09 Horse Collar
23:20 Heavy Plow
26:06 Hand Cart
25:52 Fletching
26:46 Stone Mining
26:47 Gold Mining
32:47 Imperial Age
31:29 Scale Barding Armor
31:34 Forging
31:28 Husbandry
33:05 Chain Barding Armor
33:21 Iron Casting
33:34 Bodkin Arrow
34:31 Bracer
35:35 Chemistry
36:07 Ballistics
36:16 Conscription
37:27 Hoardings
37:08 Masonry
37:59 Two-Man Saw
37:36 Stone Shaft Mining
37:34 Crop Rotation
38:33 Plate Barding Armor
38:34 Iron Casting
38:35 Town Patrol
40:55 Treadmill Crane
41:46 Architecture
41:54 Elite Leitis
44:25 Hill Forts
44:25 Tower Shields
44:30 Hill Forts
44:32 Murder Holes
47:16 Coinage
46:47 Caravan
46:58 Guilds
ZBizkit
4:39 Loom
14:00 Feudal Age
16:51 Town Watch
21:33 Castle Age
20:07 Double-Bit Axe
20:08 Horse Collar
20:56 Gold Mining
22:23 Fletching
33:00 Scale Mail Armor
35:31 Wheelbarrow
39:54 Medium Warships
42:50 Bodkin Arrow
46:28 Imperial Age
45:44 Hand Cart
48:29 Chain Mail Armor
48:25 Forging
48:17 Bracer
49:04 Elite Fire Lancer
Big Lez
5:24 Loom
14:01 Feudal Age
18:07 Castle Age
15:55 Double-Bit Axe
15:52 Horse Collar
16:16 Fishing Lines
16:55 Gold Mining
18:47 Bow Saw
19:10 Heavy Plow
21:58 Town Watch
22:56 Wheelbarrow
24:53 Hand Cart
25:34 Bloodlines
26:57 Husbandry
28:00 Scale Barding Armor
30:06 Forging
34:07 Imperial Age
32:26 Chain Barding Armor
32:43 Iron Casting
33:47 Cavalier
35:04 Plate Barding Armor
35:30 Blast Furnace
36:25 Gold Shaft Mining
36:44 Masonry
36:06 Savar
40:53 Conscription
40:53 Caravan
42:27 Hoardings
41:50 Fletching
45:30 Light Cavalry
48:46 Crop Rotation
49:20 Two-Man Saw
49:37 Hussar
Connection lost

Rejoining the realm…

Still unreachable

The connection could not be restored.

Session expired

The server has moved on; the page needs a fresh start.